 Dungeon Crawl Stone Soup version 0.30-a0-778-g2ef04afb54 (webtiles) character file.

Game seed: 17453720995047266918

1595 Farfigtubin the Conjurer (level 8, 0/61 HPs)
             Began as a Black Draconian Conjurer on Feb 16, 2023.
             Slain by an ice beast (12 damage)
             ... on level 7 of the Dungeon.
             The game lasted 00:38:59 (7012 turns).

Farfigtubin the Conjurer (Black Draconian Conjurer) Turns: 7012, Time: 00:39:00

Health: 0/61       AC:  7    Str: 10    XL:     8   Next: 62%
Magic:  1/17       EV: 12    Int: 20    God:
Gold:   558        SH:  0    Dex: 10    Spells: 10/19 levels left

rFire   . . .      SeeInvis .    z - +0 flail (protect)
rCold   . . .      Faith    .    (no shield)
rNeg    . . .      Spirit   .    (body armour unavailable)
rPois   .          Reflect  .    (helmet restricted)
rElec   +          Harm     .    n - +0 cloak
rCorr   .          Rampage  .    (no gloves)
Will    .....                    (no boots)
Stlth   ++                       (no amulet)
HPRegen 0.30/turn                (no ring)
MPRegen 0.15/turn                (no ring)

@: lethally poisoned (0 -> -7), very slightly contaminated
A: breathe lightning, AC +6, unfitting armour, electricity resistance,
cold-blooded
a: Breathe Lightning


You were on level 7 of the Dungeon.
You visited 1 branch of the dungeon, and saw 7 of its levels.

You collected 558 gold pieces.

Inventory:

Hand Weapons
 z - a +0 flail of protection (weapon)
 A - the +1 falchion "Dinechinn" {heavy, Drain rElec Int+9}
   (You found it on level 6 of the Dungeon)

   Int:       It affects your intelligence (+9).
   rElec:     It insulates you from electricity.
   Drain:     It drains your maximum health when unequipped.
Missiles
 h - a throwing net
Armour
 n - a +0 cloak (worn)
Magical Staves
 y - a staff of cold
Jewellery
 e - a ring of positive energy
Wands
 t - a wand of charming (6)
Scrolls
 d - 8 scrolls of identify {unknown}
 f - 3 scrolls of blinking {unknown}
 i - 2 scrolls of noise {unknown}
 j - 3 scrolls of torment {unknown}
 k - 2 scrolls of acquirement {unknown}
 l - 4 scrolls of fear {unknown}
 m - a scroll of amnesia {unknown}
 o - a scroll of fog {unknown}
 p - 2 scrolls of teleportation {unknown}
 q - 2 scrolls of brand weapon {unknown}
 u - 2 scrolls of butterflies {unknown}
 v - a scroll of enchant armour {unknown}
 w - a scroll of immolation {unknown}
Potions
 a - 3 potions of resistance {unknown}
 b - a potion of brilliance {unknown}
 c - 4 potions of curing {unknown}
 g - 3 potions of lignification {unknown}
 r - a potion of heal wounds {unknown}
 s - a potion of haste {unknown}
 x - a potion of magic


   Skills:
 + Level 2.1 Fighting
 + Level 0.2 Maces & Flails
 + Level 4.0 Dodging
 + Level 3.4 Stealth
 + Level 1.0 Unarmed Combat
 + Level 6.3 Spellcasting
 + Level 6.8 Conjurations
 + Level 0.1 Summonings
 + Level 2.8 Necromancy


You had 10 spell levels left.
You knew the following spells:

 Your Spells              Type           Power      Damage    Failure   Level
a - Magic Dart            Conj           100%       1d8       1%          1
b - Searing Ray           Conj           66%        2d6       1%          2
c - Necrotise             Necr           68%        1d7       3%          1
d - Summon Small Mammal   Summ           24%        N/A       10%         1
e - Fulminant Prism       Conj/Hex       10%        3d8       24%         4

Your spell library contained the following spells:

 Spells                   Type           Power      Damage    Failure   Level
 Dazzling Flash           Conj/Hex       40%        N/A       8%          3
 Apportation              Tloc           12%        N/A       10%         1
 Vampiric Draining        Necr           17%        2d7       10%         3
 Iskenderun's Mystic Bla  Conj/Tloc      20%        2d6       24%         4
 Agony                    Necr           17%        N/A       65%         5


Dungeon Overview and Level Annotations

Branches:
Dungeon (7/15)
 Temple: D:4-7

Altars:
Uskayaw

Annotations:
D:3 1 runed translucent door, Sigmund; tarna41's ghost, amateur DsCK
D:6 2 transporters, BubbleThief's ghost, novice DsNe


Innate Abilities, Weirdness & Mutations

You can breathe wild blasts of lightning.
Your glossy black scales are hard. (AC +6)
You cannot fit into any form of body armour.
You are resistant to electric shocks. (rElec)
You are cold-blooded and may be slowed by cold attacks.


Message History

The ice beast hits you but does no damage.
The searing ray hits the ice beast.
The ice beast is heavily wounded.
The ice beast misses you.
The searing ray hits the ice beast.
The ice beast is severely wounded.
You finish channelling your searing ray.
A killer bee comes into view.
The ice beast completely misses you. The ice beast hits you.
The ice beast freezes you!
You feel yourself slow down.
Aiming: Magic Dart (safe; 1% risk of failure)
Press: ? - help, Q - select action, (/) - cycle Shift-Dir - straight line, f/p - ice beast
Aim: an ice beast (severely wounded, 100% to hit)
The magic dart hits the ice beast but does no damage.
The ice beast is severely wounded.
The ice beast hits you but does no damage.
Aiming: Magic Dart (safe; 1% risk of failure)
Press: ? - help, Q - select action, (/) - cycle Shift-Dir - straight line, f/p - ice beast
Aim: an ice beast (severely wounded, 100% to hit)
You miscast Magic Dart.
You are very lightly contaminated with residual magic.
Nothing appears to happen.
You feel yourself speed up.
The killer bee stings you but does no damage.
The ice beast barely misses you. The killer bee stings you.
The ice beast hits you. The ice beast freezes you!
* * * LOW HITPOINT WARNING * * *
The killer bee closely misses you.
Aiming: Magic Dart (safe; 1% risk of failure)
Press: ? - help, Q - select action, (/) - cycle Shift-Dir - straight line, f/p - ice beast
Aim: an ice beast (severely wounded, 100% to hit)
The magic dart hits the ice beast but does no damage.
The ice beast is severely wounded.
The killer bee stings you.
* * * LOW HITPOINT WARNING * * *
You are poisoned.
The killer bee poisons you! The ice beast hits you.
* * * LOW HITPOINT WARNING * * *
The ice beast freezes you!
You die...

##......## ####..##
#........###......###
##..##.#..##........#
#...####...........#
##..#####...#####...
#.....##...# ##..
#...#.###...# #.[. # #
##.##.###....#...## #.#.
##.@....###.......#.
#...#####..Yy...........####
................##..#....# #
................##..##...###
##.............[...###...##.
#.............#....#........
......!.....####..##...##.##
#.?..........###......##..##
#...........##............##


You could see an ice beast and a killer bee.

Vanquished Creatures
  2 water moccasins
  An ice beast (D:7)
  2 black bears
  A sky beast (D:6)
  An ogre (D:5)
  A phantom (D:4)
  3 scorpions
  A killer bee (D:7)
  A howler monkey (D:4)
  3 orc priests
  3 hounds
  2 iguanas
  6 orc wizards
  7 adders
  3 gnolls (D:2)
  A shadow imp (D:7)
  An ufetubus (D:5)
  4 worms
  5 dart slugs
  26 orcs
  8 ball pythons
  5 endoplasms
  8 giant cockroaches
  2 goblins
  11 hobgoblins
  4 quokkas
  3 bats
  5 frilled lizards
  7 kobolds
  4 rats
131 creatures vanquished.

Vanquished Creatures (collateral kills)
  A hobgoblin (D:3)
1 creature vanquished.

Vanquished Creatures (others)
  3 fulminant prisms (D:7)
3 creatures vanquished.

Grand Total: 135 creatures vanquished

Notes
Turn   | Place    | Note
-------+----------+-------------------------------------------
     0 | D:1      | Farfigtubin the Draconian Conjurer began the quest for the
                  | Orb.
     0 | D:1      | Reached XP level 1. HP: 14/14 MP: 3/3
   255 | D:1      | Reached XP level 2. HP: 17/20 MP: 0/5
   271 | D:1      | Found a faded altar of an unknown god.
  1006 | D:2      | Reached XP level 3. HP: 24/26 MP: 0/6
  1384 | D:2      | Learned a level 2 spell: Searing Ray
  1427 | D:2      | Reached skill level 5 in Conjurations
  1614 | D:2      | Reached XP level 4. HP: 30/33 MP: 2/7
  2340 | D:2      | Learned a level 1 spell: Necrotise
  2342 | D:2      | Learned a level 1 spell: Summon Small Mammal
  2593 | D:3      | Found a hide-covered altar of Uskayaw.
  2870 | D:3      | Reached XP level 5. HP: 38/38 MP: 4/9
  2917 | D:3      | Found a runed translucent door.
  2991 | D:3      | Noticed tarna41's ghost (amateur DsCK)
  3137 | D:3      | Noticed Sigmund
  3599 | D:4      | Reached skill level 1 in Necromancy
  3639 | D:4      | Noticed a phantom
  3957 | D:4      | Reached XP level 6. HP: 42/46 MP: 3/11
  4204 | D:5      | Entered Level 5 of the Dungeon
  4515 | D:5      | Reached skill level 1 in Fighting
  4515 | D:5      | Your scales start taking on a glossy black colour.
  4515 | D:5      | Reached XP level 7. HP: 52/52 MP: 4/13
  4515 | D:5      | Gained mutation: You are resistant to electric shocks.
                  | (rElec) [Black Draconian growth]
  4777 | D:5      | Reached skill level 1 in Unarmed Combat
  5052 | D:5      | Reached skill level 5 in Spellcasting
  5427 | D:6      | Found a transporter.
  5454 | D:6      | Noticed BubbleThief's ghost (novice DsNe)
  5617 | D:6      | Identified the +1 falchion "Dinechinn" {heavy, Drain rElec
                  | Int+9}
  5633 | D:6      | Reached XP level 8. HP: 59/59 MP: 4/15
  6112 | D:6      | Found a transporter.
  6645 | D:7      | Learned a level 4 spell: Fulminant Prism
  7012 | D:7      | Slain by an ice beast

Illustrated notes

Levels and vault maps discovered:
D:1:      shiori_shiawase, layout_basic, shapermc_ecumenical_altar_starsandcircs
D:2:      minmay_thinvault, layout_loops_cross, minmay_misc_feat_diagonals
D:3:      layout_basic, nicolae_uskayaw_murder_on_the_dancefloor,
          ebering_ghost_sewer_d, uniq_sigmund
D:4:      layout_basic
D:5:      layout_loops_ring
D:6:      layout_loops_corners, gammafunk_ghost_stat_death
D:7:      layout_cave_pools, temple_doors_e

Skill      XL: |  1  2  3  4  5  6  7  8 |
---------------+-------------------------+-----
Dodging        | 2 3 4 |  4.0
Conjurations   | 5 6 |  6.8
Stealth        | 2 3 |  3.4
Spellcasting   | 3 4 5 6 |  6.3
Necromancy     | 1 2 |  2.8
Fighting       | 1 2 |  2.1
Unarmed Combat | 1 |  1.0
Maces & Flails | |  0.2
Summonings     | |  0.1

Action                     |  1- 3 |  4- 6 |  7- 9 || total
---------------------------+-------+-------+-------++-------
  Melee: Unarmed           |    35 |    20 |     2 ||    57
         Tailslap          |     3 |     1 |     1 ||     5
         Flail             |       |       |    11 ||    11
   Cast: Magic Dart        |    79 |    79 |    63 ||   221
         Searing Ray       |     3 |    15 |    22 ||    40
         Necrotise         |       |    15 |     4 ||    19
         Summon Small Mamm |       |     2 |       ||     2
         Fulminant Prism   |       |       |     3 ||     3
    Use: Potion            |       |     1 |       ||     1
 Armour: Skin              |    22 |    32 |    36 ||    90
  Dodge: Dodged            |    36 |    57 |    54 ||   147

Table legend: (Time is in decaauts)
 A = Elapsed time spent in this place.
 B = Non-inter-level travel time spent in this place.
 C = Inter-level travel time spent in this place.
 D = Time resting spent in this place.
 E = Time spent auto-exploring this place.
 F = Levels seen in this place.
 G = Mean time per level.
                   A        B        C        D        E       F      G
               +--------+--------+--------+--------+--------+-----+--------+
         Total |   7017 |   6990 |     27 |   1497 |   1928 |   7 | 1002.4 |
       Dungeon |   7017 |   6990 |     27 |   1497 |   1928 |   7 | 1002.4 |
               +--------+--------+--------+--------+--------+-----+--------+

Top non-repeatable levels by time:
     D:2: 1443 daAuts
     D:5: 1222 daAuts
     D:6: 1092 daAuts
     D:4: 981 daAuts
     D:1: 977 daAuts
     D:3: 802 daAuts
     D:7: 497 daAuts
